 Dungeon Crawl Stone Soup version 0.30.0-29-ga12c61a403 (webtiles) character file.

Game seed: 7122978363128716970

1104 qw the Cleaver (level 8, -1/49 HPs)
             Began as a Gargoyle Fighter on June 5, 2023.
             Slain by a yak (8 damage)
             ... on level 5 of the Dungeon.
             The game lasted 00:01:47 (3842 turns).

qw the Cleaver (Gargoyle Fighter)                   Turns: 3842, Time: 00:01:48

Health: -1/49      AC: 15    Str: 28    XL:     8   Next: 32%
Magic:  8/8        EV:  9    Int:  9    God:
Gold:   184        SH:  4    Dex:  9    Spells: 7/7 levels left

rFire   . . .        Y - +2 war axe
rCold   . . .        c - +0 buckler
rNeg    + . .        q - +0 chain mail
rPois   inf          (no helmet)
rElec   +            (no cloak)
rCorr   .            m - +0 pair of gloves
SInv    .            (no boots)
Will    .....        (no amulet) Stlth
                     j - +6 ring of strength
HPRegen 0.28/turn    (no ring)
MPRegen 0.11/turn

%: no passive effects
@: no status effects
A: sickness immunity, AC +5, negative energy resistance 1, electricity
resistance, torment resistance 1, petrification resistance
a: no special abilities


You were on level 5 of the Dungeon.
You visited 2 branches of the dungeon, and saw 6 of its levels.

You collected 184 gold pieces.


Innate Abilities, Weirdness & Mutations

You are immune to sickness and miasma.
Your stone body is resilient. (AC +5)
You are immune to poison.
You resist negative energy. (rN+)
You are resistant to electric shocks. (rElec)
You are resistant to unholy torment.
You are immune to petrification.


   Skills:
 + Level 5.0 Fighting
 - Level 8.0 Axes
 - Level 1.0 Throwing
 - Level 3.2 Armour
 - Level 1.2 Dodging
 - Level 3.2 Shields


You had 7 spell levels left.
You didn't know any spells.
Your spell library was empty.

Inventory:

Hand Weapons
 g - a +0 morningstar
 Y - a +2 war axe (weapon)
Missiles
 f - 5 boomerangs (quivered)
Armour
 c - a +0 buckler (worn)
 m - a +0 pair of gloves (worn)
 n - a +0 cloak
 q - a +0 chain mail (worn)
Jewellery
 j - a +6 ring of strength (left hand)
Scrolls
 b - 2 scrolls of teleportation
 e - a scroll of summoning {unknown}
 i - 3 scrolls of identify
Potions
 a - a potion of lignification
 d - a potion of might
 h - a potion of magic {unknown}
 k - a potion of curing
 l - a potion of ambrosia {unknown}
 o - a potion of mutation {unknown}

Dungeon Overview and Level Annotations

Branches:
Dungeon (5/15)             Temple (1/1) D:4

Altars:
Ashenzari
Cheibriados
Fedhas
Gozag
Hepliaklqana
Kikubaaqudgha
Makhleb
Nemelex Xobeh
Trog
Vehumet
Wu Jian
Yredelemnul
Zin
The Shining One

Shops:
D:2 [

Annotations:
D:3 1 runed translucent door, qw's ghost, amateur GrFi
D:4 1 runed translucent door, Crazy Yiuf


Message History

The yak is moderately wounded.
The yak barely misses you.
You slash the yak!
The yak is severely wounded.
The yak gores you!
You barely miss the yak.
The yak is severely wounded.
You block the yak's attack.
You barely miss the yak.
The yak is heavily wounded.
You hit the yak.
The yak is severely wounded.
You block the yak's attack.
You slash the yak!
The yak is almost dead.
You barely miss the yak. The yak barely misses you. The yak gores you.
The yak gores you! x2
You slash the yak!
You kill the yak!
You slash the yak! The yak gores you but does no damage.
Your Axes skill increases to level 8!
You barely miss the yak.
The yak is lightly wounded.
You hit the yak.
The yak is moderately wounded.
The yak gores you.
You slash the yak!
The yak is severely wounded.
You slash the yak! You block the yak's attack. The yak barely misses you.
You closely miss the yak.
The yak is severely wounded.
You slash the yak! You block the yak's attack.
The yak gores you but does no damage.
You hit the yak.
The yak is severely wounded.
You hit the yak. The yak gores you! The yak gores you. The yak gores you!
You die...

#...# )...####
.......##
~~~~~~..#
.....~..#
~~~~.~..#
.%.~.~...#########
._.~.~.........YY#
¤.¤¤¤~.## #@#
~~~¤¤~.# #.#
...¤¤~.# #.#
~~~~~~.# #.#
.......# #.#
#%###### #.# #.#
#.# #.##### #.#
#.....# #.#


You could see 2 yaks.

Vanquished Creatures
  Grinder (D:4)
  A yak (D:5)
  Pargi (D:3)
  A black bear (D:4)
  A centaur (D:4)
  A phantom (D:5)
  A bullfrog (D:4)
  A scorpion (D:4)
  2 orc priests (D:4)
  2 iguanas
  2 orc wizards (D:4)
  3 gnolls (D:4)
  5 adders
  A worm (D:2)
  14 orcs
  5 ball pythons
  4 bats
  6 endoplasms
  2 giant cockroaches (D:2)
  6 goblins
  3 hobgoblins
  4 jackals (D:2)
  6 kobolds
  A quokka (D:1)
  2 frilled lizards (D:1)
  7 rats
83 creatures vanquished.

Notes
Turn   | Place    | Note
-------+----------+-------------------------------------------
     0 | D:1      | qw the Gargoyle Fighter began the quest for the Orb.
     0 | D:1      | Reached XP level 1. HP: 14/14 MP: 1/1
     0 | D:1      | 0 ||| qw: Version: 0.2-a-108-gee2c290
     0 | D:1      | 0 ||| qw: Game counter: 1344
     0 | D:1      | 0 ||| qw: Always use a shield: true
     0 | D:1      | 0 ||| qw: God list: Okawaru
     0 | D:1      | 0 ||| qw: Allow faded altars: false
     0 | D:1      | 0 ||| qw: Do Orc after D:15 true
     0 | D:1      | 0 ||| qw: Do second Lair branch before Depths: true
     0 | D:1      | 0 ||| qw: Lair rune preference: random
     0 | D:1      | 0 ||| qw: Plans: Normal, Zot:1-4, Slime:5, God:TSO, Crypt,
                  | Tomb, Abyss, Pan, Hells, Win
     0 | D:1      | 0 ||| PLANNING D:1-11
    39 | D:1      | Reached skill level 2 in Axes
   166 | D:1      | Reached XP level 2. HP: 18/19 MP: 2/2
   769 | D:1      | 769 ||| UPGRADING to +0 pair of gloves.
   774 | D:1      | 774 ||| DROPPING orb of wrath.
   775 | D:1      | 775 ||| UPGRADING to +0 chain mail.
   785 | D:1      | 785 ||| DROPPING +0 scale mail.
   786 | D:1      | 786 ||| READING scroll labelled MAKHU BYVVUZIM.
   799 | D:1      | 799 ||| READING scroll labelled URISAU LUOPUWK.
   800 | D:1      | 800 ||| READING 2 scrolls labelled ZESICE ENWAMAIS.
   801 | D:1      | 801 ||| READING scroll labelled DIUCUH AMIN.
   802 | D:1      | 802 ||| READING scroll labelled NAPIUB GERYIK.
   803 | D:1      | 803 ||| READING scroll labelled WOGIROH CAENUM.
   804 | D:1      | 804 ||| READING scroll labelled YMORRUYLYN.
   809 | D:1      | 809 ||| DROPPING scroll of fog.
   884 | D:2      | Found Zihoug's Antique Armour Emporium.
   894 | D:2      | Reached skill level 3 in Axes
   898 | D:2      | Reached XP level 3. HP: 23/23 MP: 3/3
   909 | D:2      | 909 ||| SHOPLISTING embroidered scarf (240 gold, have 63).
   909 | D:2      | 909 ||| SHOPLISTING pair of fine boots (285 gold, have 63).
   909 | D:2      | 909 ||| SHOPLISTING plate armour (690 gold, have 63).
   909 | D:2      | 909 ||| SHOPLISTING runed cloak (225 gold, have 63).
   909 | D:2      | 909 ||| SHOPLISTING shiny plate armour (780 gold, have 63).
  1099 | D:2      | 1099 ||| DROPPING +0 club.
  1616 | D:2      | 1616 ||| DROPPING orb of guile.
  1617 | D:2      | 1617 ||| UPGRADING to +6 ring of strength.
  1618 | D:2      | 1618 ||| READING 2 scrolls labelled BARPHI HUOD.
  1619 | D:2      | 1619 ||| DRINKING 3 bubbling golden potions.
  1620 | D:2      | 1620 ||| READING 2 scrolls of identify.
  1620 | D:2      | 1620 ||| IDENTIFYING fuming pink potion
  1621 | D:2      | 1621 ||| DROPPING 2 potions of degeneration.
  1622 | D:2      | 1622 ||| DROPPING scroll of vulnerability.
  1646 | D:3      | Noticed Pargi
  1649 | D:3      | 1649 ||| Stepping ~*~*~tactically~*~*~ (stealth).
  1654 | D:3      | Killed Pargi
  1655 | D:3      | Reached skill level 4 in Axes
  1655 | D:3      | Reached XP level 4. HP: 25/28 MP: 4/4
  1655 | D:3      | Reached XP level 5. HP: 29/32 MP: 5/5
  1879 | D:3      | Found an opulent altar of Gozag.
  2017 | D:3      | Found a runed translucent door.
  2019 | D:3      | Noticed qw's ghost (amateur GrFi)
  2303 | D:3      | Found a glowing golden altar of the Shining One.
  2447 | D:3      | 2447 ||| READING scroll labelled FIUMNUN COINN.
  2448 | D:3      | 2448 ||| READING 2 scrolls of identify.
  2448 | D:3      | 2448 ||| IDENTIFYING fizzy inky potion
  2449 | D:3      | 2449 ||| DROPPING potion of invisibility.
  2482 | D:4      | Found a broken altar of Ashenzari.
  2488 | D:4      | 2488 ||| Stepping ~*~*~tactically~*~*~ (stealth).
  2497 | D:4      | Reached skill level 5 in Axes
  2588 | D:4      | 2588 ||| DROPPING +0 whip.
  2609 | D:4      | 2609 ||| Stepping ~*~*~tactically~*~*~ (hiding).
  2620 | D:4      | Reached XP level 6. HP: 25/38 MP: 6/6
  2676 | D:4      | 2676 ||| DROPPING +2 whip of venom.
  2745 | D:4      | Found a runed translucent door.
  2746 | D:4      | Noticed Crazy Yiuf
  2844 | D:4      | Noticed Grinder
  2846 | D:4      | Paralysed by Grinder for 4 turns
  2860 | D:4      | Paralysed by Grinder for 2 turns
  2866 | D:4      | Paralysed by Grinder for 3 turns
  2870 | D:4      | Killed Grinder
  2871 | D:4      | Reached skill level 6 in Axes
  2871 | D:4      | Reached XP level 7. HP: 43/43 MP: 7/7
  2882 | D:4      | 2882 ||| Stepping ~*~*~tactically~*~*~ (stealth).
  2953 | D:4      | Reached skill level 1 in Dodging
  3022 | D:4      | 3022 ||| FLEEEEING.
  3024 | D:4      | 3024 ||| Stepping ~*~*~tactically~*~*~ (stealth).
  3025 | D:4      | 3025 ||| Stepping ~*~*~tactically~*~*~ (stealth).
  3026 | D:4      | 3026 ||| Stepping ~*~*~tactically~*~*~ (stealth).
  3027 | D:4      | 3027 ||| Stepping ~*~*~tactically~*~*~ (stealth).
  3028 | D:4      | 3028 ||| Stepping ~*~*~tactically~*~*~ (stealth).
  3029 | D:4      | 3029 ||| Stepping ~*~*~tactically~*~*~ (stealth).
  3030 | D:4      | 3030 ||| Stepping ~*~*~tactically~*~*~ (hiding).
  3082 | D:4      | 3082 ||| DROPPING +0 flail.
  3089 | D:4      | Found a staircase to the Ecumenical Temple.
  3090 | D:4      | 3090 ||| PLANNING TEMPLE
  3090 | D:4      | 3090 ||| READING 2 scrolls labelled TOYSUP ZUHIMM.
  3091 | D:4      | 3091 ||| READING scroll of enchant weapon.
  3091 | D:4      | 3091 ||| ENCHANTING +1 war axe.
  3092 | D:4      | 3092 ||| READING 3 scrolls of identify.
  3092 | D:4      | 3092 ||| IDENTIFYING viscous blue potion
  3093 | D:4      | 3093 ||| DROPPING potion of brilliance.
  3099 | Temple   | Entered the Ecumenical Temple
  3193 | Temple   | 3193 ||| PLANNING D:1-11
  3226 | D:4      | Reached skill level 7 in Axes
  3247 | D:4      | Found a burning altar of Makhleb.
  3247 | D:4      | Noticed a balrug
  3395 | D:4      | 3395 ||| Stepping ~*~*~tactically~*~*~ (hiding).
  3621 | D:4      | 3621 ||| READING 2 scrolls of identify.
  3621 | D:4      | 3621 ||| IDENTIFYING glowing puce potion
  3622 | D:4      | 3622 ||| DROPPING potion of flight.
  3651 | D:5      | Entered Level 5 of the Dungeon
  3668 | D:5      | Reached skill level 1 in Throwing
  3668 | D:5      | Reached XP level 8. HP: 49/49 MP: 8/8
  3676 | D:5      | Found an ornate altar of the Wu Jian Council.
  3730 | D:5      | 3730 ||| Stepping ~*~*~tactically~*~*~ (stealth).
  3750 | D:5      | Found a snail-covered altar of Cheibriados.
  3755 | D:5      | 3755 ||| Stepping ~*~*~tactically~*~*~ (stealth).
  3829 | D:5      | Noticed a yak
  3829 | D:5      | Noticed a yak
  3829 | D:5      | Noticed a yak
  3837 | D:5      | Killed a yak
  3838 | D:5      | Reached skill level 8 in Axes
  3842 | D:5      | HP: 11/49 [yak (13)]
  3842 | D:5      | Slain by a yak

Levels and vault maps discovered:
D:1:      wander_arrival_desolate, layout_loops_ring
D:2:      layout_basic, serial_shops, nicolae_shop_dealshenge
D:3:      layout_basic, tso_altar, lemuel_tele_altar, ebering_ghost_sewer_d,
          uniq_pargi
D:4:      layout_loops_ring, kennysheep_mini, makhleb_altar_promises_db,
          minmay_temple_entry_statues_pillars, uniq_crazy_yiuf_cottage,
          uniq_grinder
D:5:      layout_loops_ring, nicolae_overflow_crystal_walls,
          mainiacjoe_overflow_concentric_impassable, lemuel_doored_altar,
          elyvilon_altar_1
Temple:   nicolae_temple_godpark

Skill      XL: |  1  2  3  4  5  6  7  8 |
---------------+-------------------------+-----
Axes           | 2 3 4 5 6 7 8 |  8.0
Fighting       | 4 5 |  5.0
Dodging        | 1 |  1.2
Throwing       | 1 |  1.0
Armour         | |  3.2
Shields        | |  3.2

Action                     |  1- 3 |  4- 6 |  7- 9 || total
---------------------------+-------+-------+-------++-------
  Melee: War axe           |    80 |    70 |    92 ||   242
  Throw: Boomerang         |       |     8 |    17 ||    25
    Use: Scroll            |     9 |     2 |     4 ||    15
         Potion            |     1 |       |       ||     1
 Armour: Scale mail        |    16 |       |       ||    16
         Chain mail        |    34 |    41 |    54 ||   129
  Dodge: Dodged            |    28 |    22 |    34 ||    84
  Block: Buckler           |    17 |    10 |    18 ||    45

Table legend:
 A = Non-vault XP
 B = Vault XP
 C = Vault XP percentage of total XP
 D = Non-vault monster count
 E = Vault monster count
 F = Vault count percentage of total count
                 A         B        C        D         E       F
            +---------+---------+-------+---------+---------+-------
      Total |    1188 |     390 |  24.7 |      81 |       2 |   2.4
            +---------+---------+-------+---------+---------+-------
        D:1 |      26 |       0 |   0.0 |      17 |       0 |   0.0
        D:2 |      30 |       0 |   0.0 |      16 |       0 |   0.0
        D:3 |      26 |     136 |  84.0 |       7 |       1 |  12.5
        D:4 |     709 |     254 |  26.4 |      35 |       1 |   2.8
        D:5 |     397 |       0 |   0.0 |       6 |       0 |   0.0
            +---------+---------+-------+---------+---------+-------
